 Dungeon Crawl Stone Soup version 0.28.0-43-g3370ac3207 (webtiles) character file.

Game seed: 15102468626563022710

53 FrostSilk the Skirmisher (level 3, -1/33 HPs)
             Began as a Hill Orc Fighter on Mar 14, 2022.
             Frozen to death by an endoplasm (3 damage)
             ... on level 2 of the Dungeon.
             The game lasted 00:03:11 (786 turns).

FrostSilk the Skirmisher (Hill Orc Fighter)          Turns: 786, Time: 00:03:12

Health: -1/33      AC:  7    Str: 20    XL:     3   Next: 87%
Magic:  3/3        EV:  5    Int:  8    God:
Gold:   40         SH: 12    Dex: 10    Spells: 2/2 levels left

rFire   + . .      SeeInvis .   a - +0 war axe
rCold   x . .      Faith    .   j - +0 tower shield
rNeg    . . .      Spirit   .   b - +0 scale mail
rPois   .          Reflect  .   (no helmet)
rElec   .          Harm     .   (no cloak)
rCorr   .          Rampage  .   (no gloves)
Will    .....                   (no boots)
Stlth   ..........              (no amulet)
HPRegen 0.11/turn               l - ring of fire
MPRegen 0.08/turn               (no ring)

@: mighty
A: no striking features
a: no special abilities


You were on level 2 of the Dungeon.
You visited 1 branch of the dungeon, and saw 2 of its levels.

You collected 40 gold pieces.

Inventory:

Hand Weapons
 a - a +0 war axe (weapon)
 e - a +0 short sword of venom
Armour
 b - a +0 scale mail (worn)
 c - a +0 buckler
 j - a +0 tower shield (worn)
Jewellery
 l - a ring of fire (left hand)
Scrolls
 f - a scroll of vulnerability {unknown}
 h - 3 scrolls of identify {unknown}
 i - a scroll of blinking {unknown}
 k - a scroll of noise {unknown}
Potions
 g - a potion of curing {unknown}


   Skills:
 + Level 4.2 Fighting
 + Level 3.5 Axes
 + Level 3.8 Armour
 + Level 3.8 Shields


You had 2 spell levels left.
You didn't know any spells.
Your spell library was empty.

Dungeon Overview and Level Annotations

Branches:
Dungeon (1/15)

Altars:


Message History

Terence says, "How do you enjoy it?" You block Terence's attack. x2
You barely miss Terence.
Terence is moderately wounded.
Terence barely misses you. Terence hits you with a +0 hand axe.
You hit Terence.
Terence is severely wounded.
Terence hits you but does no damage. You block Terence's attack.
You hit Terence but do no damage.
Terence is severely wounded.
You block Terence's attack.
You closely miss Terence.
Terence is heavily wounded.
Terence hits you with a +0 hand axe. x2
You hit Terence.
Terence is severely wounded.
You block Terence's attack. x2
You hit Terence.
Terence is almost dead.
Terence hits you with a +0 hand axe.
You hit Terence but do no damage.
Terence is almost dead.
You block Terence's attack. Terence hits you with a +0 hand axe.
* * * LOW HITPOINT WARNING * * *
You barely miss Terence.
Terence is almost dead.
You block Terence's attack. Terence hits you with a +0 hand axe.
* * * LOW HITPOINT WARNING * * *
You feel very mighty all of a sudden. You block Terence's attack.
You slash Terence!
You kill Terence!
The endoplasm freezes you.
You are frozen.
You feel a terrible chill!
* * * LOW HITPOINT WARNING * * *
You hit the endoplasm.
The endoplasm is almost dead.
The endoplasm freezes you.
You are frozen.
You feel a terrible chill!
You die...

.... ####### ....
#.....# ..... ###.....#
..... #...)...# ......
#.#.....####
......#######.#..))...(.
......J.........>...####
#@#####.###.### #.# #.#
#.# #.# #.# #.# ###.###
#.# #.# #.....# #.# #.#
#.....###.###.######
#.....##............
###.####.........### #.#
#............


You could see an endoplasm.

Vanquished Creatures
  Terence (D:2)
  A worm (D:2)
  A dart slug (D:1)
  3 ball pythons (D:1)
  2 endoplasms (D:1)
  A giant cockroach (D:1)
  5 bats
  3 goblins (D:1)
  3 kobolds
  3 rats
  A spectral kobold (D:1)
24 creatures vanquished.

Notes
Turn   | Place    | Note
-------+----------+-------------------------------------------
     0 | D:1      | FrostSilk the Hill Orc Fighter began the quest for the Orb.
     0 | D:1      | Reached XP level 1. HP: 19/19 MP: 1/1
   273 | D:1      | Reached XP level 2. HP: 26/27 MP: 2/2
   499 | D:1      | Found a faded altar of an unknown god.
   625 | D:1      | Reached skill level 4 in Fighting
   644 | D:1      | You fall into a shaft and drop 1 floor!
   752 | D:2      | Reached XP level 3. HP: 33/33 MP: 3/3
   765 | D:2      | Noticed Terence
   785 | D:2      | Killed Terence
   786 | D:2      | Frozen to death by an endoplasm

Illustrated notes

Levels and vault maps discovered:
D:1:      minmay_arrival_glassed_features, layout_basic,
          dreamdust_ecumenical_altar_drowned_temple, serial_park_tiny_1,
          hangedman_decor_lopped, minmay_misc_feat_nine_boxes,
          minmay_misc_feat_diagonals, grunt_decor_one_mirror
D:2:      layout_basic, uniq_sigmund, uniq_terence

Skill      XL: |  1  2 |
---------------+-------+-----
Axes           | 3 |  3.5
Fighting       | 4 |  4.2
Armour         | |  3.8
Shields        | |  3.8

Action                   || total
-------------------------++-------
Melee: War axe           ||    69
  Use: Potion            ||     1
Armor: Scale mail        ||    25
Dodge: Dodged            ||    22
Block: Buckler           ||    11
       Tower shield      ||    33
